 Dungeon Crawl Stone Soup version 0.31.0-32-g396128a36d (webtiles) character file.

Game seed: 1681037578932541665

21141 Alphaeus the Grappler (level 12, -6/142 HPs)
             Began as a Troll Shapeshifter on Mar 18, 2024.
             Was an Initiate of Gozag.
             Mangled by a skyshark (16 damage)
             ... on level 1 of the Lair of Beasts.
             The game lasted 00:15:08 (10219 turns).

Alphaeus the Grappler (Troll Shapeshifter)         Turns: 10219, Time: 00:15:08

Health: -6/142     AC: 10    Str: 34    XL:     12   Next: 51%
Magic:  11/11      EV: 16    Int:  6    God:    Gozag
Gold:   2337       SH:  0    Dex:  9    Spells: 11/11 levels left

rFire   . .          .
                       - Unarmed
rCold   . . .        (shield currently unavailable)
rNeg    . . .        a - melded +1 animal skin
rPois   +            (helmet currently unavailable)
rElec   .            (cloak currently unavailable)
rCorr   .            (gloves unavailable)
SInv    .            (boots unavailable)
Will    .....        (no amulet)
Stlth   +            x - +5 ring of evasion
HPRegen 1.23/turn    (no ring)
MPRegen 0.12/turn

%: no passive effects
@: snake-form, hasted, studying Dodging, very quick
A: constrict, boosted hp, large, unfitting armour, (claws 3), regeneration 1,
(shaggy fur 1), (tough skin 1)
a: Begin Untransformation, Renounce Religion, Potion Petition, Call Merchant,
Bribe Branch


You were on level 1 of the Lair of Beasts.
You worshipped Gozag.
Gozag was most pleased with you.
You were an enormous serpent.
You visited 3 branches of the dungeon, and saw 14 of its levels.

You collected 2395 gold pieces.
You paid 58 gold pieces to Gozag.

Inventory:

Hand Weapons
 B - a +3 quarterstaff of chaos
Missiles
 H - 2 throwing nets (quivered)
Armour
 a - a +1 animal skin (melded)
Jewellery
 o - a +6 ring of intelligence
 x - a +5 ring of evasion (left hand)
 C - a ring of ice
 G - the amulet "Gastrauz" {Spirit Harm Will- Dex+5 Stlth+}
   (You found it on level 8 of the Dungeon)

   [amulet of guardian spirit]

   Spirit:    It causes incoming damage to be divided between your reserves of
   health and magic.
   Dex+5:     It affects your dexterity (+5).
   Will-:     It decreases your willpower.
   Harm:      It increases damage dealt and taken.
   Stlth+:    It makes you more stealthy.
 I - a ring of protection from cold
 R - a ring of protection from cold
 S - a ring of flight
 U - a ring of wizardry
Talismans
 c - a beast talisman
 d - a flux talisman
 y - a serpent talisman (active)
 T - a blade talisman
Wands
 n - a wand of paralysis (28)
 s - a wand of roots (7)
 w - a wand of flame (25)
 A - a wand of digging (6)
 L - a wand of mindburst (11)
 N - a wand of acid (8)
Scrolls
 f - 2 scrolls of revelation
 g - 3 scrolls of poison
 i - 6 scrolls of teleportation
 l - 2 scrolls of enchant weapon
 m - a scroll of noise
 q - a scroll of identify
 v - a scroll of enchant armour
 z - 2 scrolls of immolation
 F - 2 scrolls of fear
 P - a scroll of acquirement
Potions
 b - a potion of lignification
 e - 2 potions of cancellation
 h - a potion of invisibility
 k - 2 potions of attraction
 t - a potion of degeneration
 D - a potion of berserk rage
 J - a potion of ambrosia
 K - a potion of enlightenment
 M - a potion of magic


   Skills:
 + Level 8.0 Fighting
 * Level 6.3 Dodging
 - Level 12.7 Unarmed Combat
 * Level 12.7 Shapeshifting


You had 11 spell levels left.
You didn't know any spells.
Your spell library contained the following spells:

 Spells                   Type           Power      Damage    Failure   Level
 Magic Dart               Conj           0%         1d3       45%         1
 Scorch                   Fire           0%         2d5       58%         2
 Searing Ray              Conj           0%         2d4       58%         2
 Frozen Ramparts          Ice            0%         1d1       83%         3
 Summon Ice Beast         Ice/Summ       0%         N/A       83%         3
 Flame Wave               Conj/Fire      0%         2d4       99%         4
 Fulminant Prism          Conj/Alch      0%         3d5       99%         4
 Summon Blazeheart Golem  Fire/Summ      0%         N/A       99%         4
 Summon Cactus Giant      Summ           0%         N/A       100%        6
 Haunt                    Necr/Summ      0%         N/A       100%        7
 Borgnjor's Revivificati  Necr           0%         N/A       100%        8
 Death's Door             Necr           0%         N/A       100%        9


Dungeon Overview and Level Annotations

Branches:
Dungeon (11/15)            Temple (1/1) D:5            Lair (2/5) D:9
    Orc (0/2) D:10
  Swamp: Lair:2-3    Shoals: Lair:2-3     Snake: Lair:2-3    Spider: Lair:2-3

Altars:
Ashenzari
Cheibriados
Dithmenos
Elyvilon
Fedhas
Gozag
Hepliaklqana
Kikubaaqudgha
Makhleb
Nemelex Xobeh
Okawaru
Qazlal
Ru
Sif Muna
Trog
Uskayaw
Vehumet
Wu Jian
Xom
Yredelemnul
Zin
The Shining One

Shops:
D:4 (

Annotations:
D:9 2 transporters


Innate Abilities, Weirdness & Mutations

You are an enormous serpent.
You have a powerful constriction melee attack.
Your maximum health is increased.
Your armour is entirely melded.
You are incapable of wielding weapons or throwing items.
You are too large for most types of armour.
((You have claws for hands.))
Your natural rate of healing is unusually fast.
((You are covered in fur. (AC +1)))
((You have tough skin. (AC +1)))


Message History

* * * LOW HITPOINT WARNING * * *
The skyshark enters a blood-rage!
The skyshark tail-slaps you.
* * * LOW HITPOINT WARNING * * *
The skyshark tail-slaps you but does no damage.
The elephant closely misses you.
The elephant trunk-slaps you but does no damage.
Blink to where?
Press: ? - help, Dir - move target You lose your grip on something.
As you read the scroll of blinking, it crumbles to dust.
Okay, then.
You feel yourself speed up. The skyshark attacks as it pursues you!
The skyshark bites you.
* * * LOW HITPOINT WARNING * * *
The skyshark tail-slaps you.
* * * LOW HITPOINT WARNING * * *
The skyshark barely misses you.
You feel better. The skyshark barely misses you. The skyshark tail-slaps you.
* * * LOW HITPOINT WARNING * * *
The skyshark barely misses you.
There is a stone staircase leading up here.
The skyshark misses you.
The skyshark tail-slaps you but does no damage.
The skyshark misses you.
You climb upwards.
There is a stone staircase leading down here.
Okay, then.
You feel better. The skyshark closely misses you. The skyshark tail-slaps you!
* * * LOW HITPOINT WARNING * * *
The skyshark tail-slaps you but does no damage.
You feel better. The skyshark bites you.
* * * LOW HITPOINT WARNING * * *
The skyshark tail-slaps you!
* * * LOW HITPOINT WARNING * * *
The skyshark tail-slaps you but does no damage.
You body-slam the skyshark!!
You grab the skyshark.
The skyshark is severely wounded.
You constrict the skyshark. The skyshark bites you!
You die...
Your body crumbles into a pile of gold.

......##.........## ##
........#.........### #.
.......#...........P# ##
##....###...........##
####..##.............##
##.####.............# #.##
##.............# # ##.#
#..............# ## #.##
##.......S.....## #.
##.#######......F......## ##
#.##...####..........#..### #
.......P#####.......##....####
# ..)......##
##########.......####
..........# #...........
..........## ###...###.....
...........# #P...## ####..
..........## ##...# ###


You could see a skyshark (berserk).

Vanquished Creatures
  A two-headed ogre (D:10)
  A boulder beetle (D:9)
  5 death yaks (Lair:2)
  Pikel (D:7)
  Maurice (D:7)
  4 elephants
  5 cane toads
  Maggie (D:7)
  2 rime drakes (Lair:2)
  4 komodo dragons
  A troll (D:9)
  A hornet (D:9)
  A polar bear (Lair:1)
  7 blink frogs
  A shadow (D:10)
  30 yaks
  A wyvern (Lair:1)
  A warg (D:10)
  A steam dragon (D:10)
  4 water moccasins
  Duvessa (D:6)
  3 black bears
  3 ice beasts
  5 orc warriors
  A sky beast (D:6)
  A centaur (D:10)
  A lemure (D:7)
  2 phantoms
  2 kobold brigands
  8 bullfrogs
  2 gnoll sergeants (D:10)
  3 scorpions
  8 wights
  Dowan (D:6)
  4 killer bees (D:8)
  9 howler monkeys
  4 hounds
  5 orc priests
  A bombardier beetle (D:4)
  A jelly (D:5)
  Crazy Yiuf (D:5)
  2 gnoll boudas (D:8)
  Ijyb (D:3)
  2 sleepcaps
  10 orc wizards
  7 adders
  18 gnolls
  A white imp (D:4)
  2 ufetubi (D:7)
  2 ribbon worms
  3 dart slugs
  35 orcs
  4 endoplasms
  5 giant cockroaches
  6 goblins
  5 hobgoblins
  7 jackals (D:2)
  19 kobolds
  5 quokkas
  7 ball pythons
  13 bats
  2 frilled lizards (D:2)
  3 rats
298 creatures vanquished.

Notes
Turn   | Place    | Note
-------+----------+-------------------------------------------
     0 | D:1      | Alphaeus the Troll Shapeshifter began the quest for the
                  | Orb.
     0 | D:1      | Reached XP level 1. HP: 18/18 MP: 0/0
   370 | D:1      | Reached skill level 1 in Fighting
   671 | D:1      | Reached XP level 2. HP: 27/27 MP: 1/1
  1005 | D:2      | Reached XP level 3. HP: 33/33 MP: 2/2
  1232 | D:2      | Reached XP level 4. HP: 41/41 MP: 3/3
  1537 | D:3      | Reached XP level 5. HP: 36/49 MP: 4/4
  1696 | D:3      | Noticed Ijyb
  1698 | D:3      | Paralysed by Ijyb for 5 turns
  1705 | D:3      | Killed Ijyb
  2356 | D:4      | Reached XP level 6. HP: 50/57 MP: 5/5
  2398 | D:4      | Reached skill level 5 in Unarmed Combat
  2722 | D:4      | Found Feubb's Antique Weapon Boutique.
  3087 | D:4      | Reached skill level 5 in Shapeshifting
  3118 | D:5      | Entered Level 5 of the Dungeon
  3242 | D:5      | Found a staircase to the Ecumenical Temple.
  3316 | Temple   | Entered the Ecumenical Temple
  3326 | Temple   | Became a worshipper of Gozag Ym Sagoz the Greedy
  3388 | D:5      | Found a runed translucent door.
  3389 | D:5      | Noticed Crazy Yiuf
  3567 | D:5      | Noticed an ice beast
  3575 | D:5      | Killed an ice beast
  3576 | D:5      | Reached XP level 7. HP: 59/66 MP: 6/6
  3866 | D:5      | Killed Crazy Yiuf
  3917 | D:6      | Noticed Duvessa
  3917 | D:6      | Noticed Dowan
  3924 | D:6      | Killed Duvessa
  3937 | D:6      | Killed Dowan
  3974 | D:6      | Found a shimmering altar of Xom.
  4047 | D:6      | Found an iron altar of Okawaru.
  4144 | D:6      | Reached XP level 8. HP: 65/75 MP: 7/7
  4959 | D:7      | Reached XP level 9. HP: 70/84 MP: 8/8
  5136 | D:7      | Noticed Maggie
  5140 | D:7      | Killed Maggie
  5221 | D:7      | Noticed Pikel
  5230 | D:7      | Killed Pikel
  5438 | D:7      | Noticed Maurice
  5444 | D:7      | Maurice stole a serpent talisman
  5445 | D:7      | Killed Maurice
  5446 | D:7      | Reached skill level 5 in Fighting
  5857 | D:8      | Identified the amulet "Gastrauz" {Spirit Harm Will- Dex+5
                  | Stlth+}
  5861 | D:8      | Got Sif Muna's Almanac of Frigorific Causimancy
  5915 | D:8      | Reached XP level 10. HP: 96/96 MP: 9/9
  6321 | D:8      | Reached skill level 10 in Unarmed Combat
  6740 | D:8      | Found a sacrificial altar of Ru.
  7020 | D:9      | Found a bloodstained altar of Trog.
  7020 | D:9      | Found a shadowy altar of Dithmenos.
  7022 | D:9      | Found a sparkling altar of Nemelex Xobeh.
  7024 | D:9      | Found a hazy altar of Hepliaklqana.
  7025 | D:9      | Found a glowing golden altar of the Shining One.
  7144 | D:9      | Found a transporter.
  7149 | D:9      | Found a transporter.
  7149 | D:9      | Noticed a boulder beetle
  7251 | D:9      | Noticed an elephant
  7261 | D:9      | Killed an elephant
  7262 | D:9      | Reached skill level 10 in Shapeshifting
  7305 | D:9      | HP: 3/98 [something/magic dart (7)]
  7604 | D:9      | Found a staircase to the Lair.
  7851 | Lair:1   | Entered Level 1 of the Lair of Beasts
  7851 | Lair:1   | Noticed a cane toad
  7851 | Lair:1   | Noticed a boulder beetle
  7871 | D:10     | Entered Level 10 of the Dungeon
  7956 | D:10     | Reached XP level 11. HP: 106/106 MP: 10/10
  7971 | D:10     | Found a staircase to the Orcish Mines.
  8302 | D:10     | Noticed a two-headed ogre
  8307 | D:10     | Killed a two-headed ogre
  8690 | D:11     | Noticed a skeletal warrior
  8690 | D:11     | Noticed a skeletal warrior
  8690 | D:11     | Noticed a skeletal warrior
  8741 | D:9      | Killed a boulder beetle
  9518 | Lair:1   | Identified the +1 flail of Earthquakes {venom, rC- Int+4}
  9842 | Lair:1   | Identified 2 scrolls of acquirement
  9842 | Lair:1   | Acquired a manual of Dodging
 10038 | Lair:2   | Reached XP level 12. HP: 118/118 MP: 11/11
 10148 | Lair:2   | Noticed a death yak
 10149 | Lair:2   | Noticed a death yak
 10149 | Lair:2   | Noticed a death yak
 10161 | Lair:2   | Killed a death yak
 10167 | Lair:2   | Noticed a death yak
 10167 | Lair:2   | Noticed a death yak
 10175 | Lair:2   | Killed a death yak
 10176 | Lair:2   | Reached skill level 5 in Dodging
 10183 | Lair:2   | Killed a death yak
 10195 | Lair:2   | Killed a death yak
 10199 | Lair:2   | Killed a death yak
 10205 | Lair:2   | HP: 4/142 [skyshark (4)]
 10212 | Lair:2   | HP: 6/142 [skyshark (6)]
 10219 | Lair:1   | Mangled by a skyshark

Illustrated notes

Levels and vault maps discovered:
D:1:      psy_arrival_heroes, layout_basic
D:2:      layout_loops_ring
D:3:      layout_basic, kennysheep_generic_room_16, uniq_ijyb
D:4:      layout_basic, serial_shops, nicolae_shop_real_fake_doors
D:5:      layout_basic, minmay_temple_entry_butterflies,
          chequers_serial_rivers_micro_c, grunt_decor_arrowhead,
          roderic_batcave, uniq_crazy_yiuf_cottage
D:6:      layout_basic, okawaru_ov_weapons_minmay,
          mainiacjoe_overflow_cross_hatched, chequers_serial_rivers_small_3,
          minmay_misc_feat_square, uniq_duvessa
D:7:      layout_loops_ring, uniq_pikel, uniq_maggie, uniq_maurice
D:8:      layout_loops_corners, nicolae_ru_path_of_blood
D:9:      gammafunk_boulding_lane, layout_irregular_city,
          grunt_temple_overflow_open, grunt_lair_entry_orc_guard_hut
D:10:     layout_loops_ring, david_orc_3
D:11:     layout_roguey, uniq_fannar
Temple:   nicolae_temple_great_sept
Lair:1:   layout_cave_pods, beast_lair_carwin_5
Lair:2:   layout_cave_pods, st_stairs_13, uniq_harold, uniq_gastronok

Skill      XL: |  1  2  3  4  5  6  7  8  9 10 11 12 |
---------------+-------------------------------------+-----
Fighting       | 1 2 3 4 5 6 7 8 |  8.0
Unarmed Combat | 4 5 6 8 9 11 12 | 12.7
Shapeshifting  | 4 5 6 7 9 10 11 12 | 12.7
Dodging        | 2 6 |  6.3

Action                     |  1- 3 |  4- 6 |  7- 9 | 10-12 || total
---------------------------+-------+-------+-------+-------++-------
  Melee: Unarmed           |    67 |   127 |   190 |   437 ||   821
         Punch             |       |     5 |     7 |     8 ||    20
         Constrict         |       |       |       |    58 ||    58
    Use: Scroll            |       |       |       |    21 ||    21
         Potion            |       |       |       |     9 ||     9
   Stab: Distracted        |       |       |       |     2 ||     2
 Armour: Animal skin       |    51 |    71 |    77 |   128 ||   327
         Skin              |       |       |       |   207 ||   207
  Dodge: Dodged            |    40 |    59 |   112 |   325 ||   536
   Form: Serpent           |       |       |       |     2 ||     2
         Beast             |       |       |       |     1 ||     1
